Map: King's Cove LE

Players

IIIIIIIIIIII

  • Race: Terran Terran
  • League: Master
  • Spawn Location: 11:00

Lambo - Winner!

  • Race: Zerg Zerg
  • League: Master
  • Spawn Location: 5:00

VOD

Have the link to the VOD?

Description

Time

  • Played on: Jan. 27, 2019, 8:46 a.m.
  • Length: 21:23
Show
View Real Time Build Order
Export as new Build Order

IIIIIIIIIIII Terran 

Build Orders: Command Center First (CC), Hellion Banshee, Mech 

Get SALT Encoding   

  12  0:01  SCV  
  13  0:13  SCV  
  14  0:18  Supply Depot  
  14  0:25  SCV  
  15  0:40  SCV  
  16  0:52  SCV  
  17  1:01  Command Center  
  17  1:04  SCV  
  18  1:14  Barracks  
  18  1:18  SCV  
  19  1:23  Refinery  
  19  1:30  SCV  
  19  1:32  Refinery  
  20  1:42  SCV  
  21  2:02  Reaper, Orbital Command  
  22  2:14  Orbital Command  
  22  2:20  Factory  
  22  2:28  SCV  
  23  2:34  Barracks Reactor  
  23  2:40  SCV  
  23  2:41  SCV  
  25  2:52  SCV  
  25  2:53  SCV  
  27  3:04  SCV, Starport  
  27  3:05  SCV  
  29  3:09  Supply Depot  
  29  3:13  Hellion x2  
  29  3:16  SCV, Barracks Tech Lab  
  29  3:17  SCV  
  35  3:23  Command Center  
  35  3:28  SCV  
  35  3:29  SCV  
  37  3:39  Hellion x2  
  37  3:40  SCV  
  42  3:41  SCV  
  42  3:48  Cloaking Field  
  43  3:49  Banshee  
  46  4:01  Supply Depot  
  46  4:13  Refinery x2  
  46  4:23  SCV x2, Hellion x2, Marine  
  53  4:34  Banshee  
  53  4:35  SCV x2  
  53  4:37  Orbital Command  
  53  4:38  Factory  
  58  4:40  Factory  
  58  4:47  SCV x2  
  58  4:48  Armory  
  60  4:53  Supply Depot  
  60  4:56  Hellion  
  60  4:57  Hellion  
  60  4:59  SCV x2  
  66  5:01  Barracks Tech Lab  
  66  5:04  SCV  
  67  5:07  Barracks Tech Lab  
  67  5:11  SCV x2  
  69  5:16  SCV  
  69  5:17  Supply Depot, Hellion  
  72  5:23  SCV x2  
  72  5:28  SCV  
  73  5:35  SCV x2  
  73  5:38  Cyclone x2, Mag-Field Accelerator  
  73  5:41  Orbital Command  
  81  5:48  SCV x2  
  81  5:49  Starport Reactor  
  79  5:54  Hellion x2  
  76  6:00  SCV x2, Supply Depot  
  76  6:02  Terran Vehicle And Ship Armor Level 1  
  75  6:07  Factory  
  75  6:08  Factory  
  75  6:12  SCV x3  
  75  6:16  Cyclone  
  75  6:17  Barracks Reactor  
  75  6:18  Refinery  
  81  6:19  Refinery  
  81  6:21  Cyclone  
  81  6:24  SCV x3  
  87  6:26  Orbital Command  
  87  6:30  Engineering Bay  
  87  6:31  Infernal Pre-Igniter  
  87  6:36  SCV x2  
  87  6:38  Supply Depot x2  
  87  6:48  SCV x2  
  87  6:50  Cyclone  
  87  6:53  SCV  
  92  6:55  Factory Tech Lab  
  92  6:58  Supply Depot x2  
  92  6:59  Cyclone  
  92  7:00  SCV x2  
  97  7:01  Supply Depot  
  97  7:02  Hellion  
  97  7:03  Hellion x2  
  97  7:04  Hellion  
  97  7:05  SCV  
  106  7:12  SCV x2  
  108  7:20  Command Center  
  108  7:21  Cyclone  
  108  7:22  Cyclone  
  114  7:26  SCV x2  
  114  7:27  SCV, Supply Depot  
  114  7:28  Supply Depot  
  117  7:32  Cyclone  
  120  7:41  Armory  
  120  7:42  Supply Depot x2  
  120  7:54  Siege Tank x2  
  126  8:02  Hellion x2  
  126  8:04  Siege Tank  
  133  8:08  Factory  
  133  8:10  Factory, Hellion  
  133  8:12  Factory  
  133  8:18  Terran Vehicle And Ship Armor Level 2  
  133  8:21  SCV x2  
  133  8:22  SCV  
  133  8:24  Hellion x4  
  133  8:26  Siege Tank x2  
  150  8:27  Refinery  
  150  8:31  Refinery  
  150  8:41  Cyclone  
  153  8:44  Terran Vehicle Weapons Level 1  
  153  8:48  Missile Turret  
  153  8:52  Planetary Fortress  
  153  8:54  Hellion x4  
  161  8:56  Hellion  
  161  8:57  Hellion x2  
  161  8:58  Cyclone  
  161  8:59  Cyclone  
  161  9:02  Factory Tech Lab x2, Factory Reactor  
  167  9:08  Viking x2  
  143  9:14  Siege Tank  
  146  9:26  Siege Tank, Hellion x3  
  146  9:27  Hellion  
  146  9:28  Siege Tank  
  146  9:30  Siege Tank  
  163  9:34  Command Center  
  163  9:38  Sensor Tower  
  163  9:43  Viking x2  
  167  9:49  Siege Tank  
  167  9:50  Siege Tank  
  173  9:53  Hellion x2  
  173  9:55  Hellion  
  179  10:05  Supply Depot  
  179  10:08  Supply Depot x2  
  179  10:10  Hellion  
  181  10:18  Command Center  
  181  10:20  Viking  
  181  10:21  Viking  
  185  10:24  Siege Tank  
  185  10:27  Siege Tank x2  
  194  10:46  Orbital Command  
  194  10:48  Missile Turret  
  194  10:49  Command Center x2  
  192  10:53  Hellion x3  
  192  10:54  Hellion  
  200  11:07  Hellion x3  
  200  11:08  Hellion x3  
  200  11:09  Hellion  
  147  11:14  Hellion  
  132  11:22  Hellion x2  
  132  11:24  Hellion  
  132  11:29  Siege Tank, Hellion, Cyclone x2  
  132  11:30  Cyclone  
  135  11:33  Cyclone  
  132  11:49  Refinery  
  132  11:54  Terran Vehicle Weapons Level 2  
  132  11:55  Terran Vehicle And Ship Armor Level 3  
  132  11:58  Refinery  
  132  12:01  Cyclone x3  
  137  12:06  Cyclone  
  131  12:14  Cyclone  
  119  12:15  SCV  
  119  12:17  SCV x3  
  119  12:18  SCV  
  119  12:20  Planetary Fortress  
  120  12:28  SCV  
  120  12:29  SCV x3  
  123  12:30  SCV, Orbital Command  
  123  12:33  Cyclone x2  
  130  12:39  Factory Reactor  
  130  12:40  SCV  
  130  12:41  SCV x2  
  130  12:42  SCV  
  134  12:45  Cyclone x2  
  134  12:48  SCV  
  138  12:52  SCV  
  138  12:53  SCV  
  138  12:55  Orbital Command  
  138  12:56  Sensor Tower  
  138  12:57  SCV x2  
  144  12:58  Hellion x2  
  144  12:59  SCV, Hellion  
  144  13:00  SCV  
  144  13:02  SCV  
  144  13:05  SCV x2  
  153  13:17  Cyclone x5  
  168  13:25  Starport x2  
  168  13:34  SCV x3  
  170  13:35  Liberator x2  
  170  13:38  Fusion Core  
  171  13:49  Cyclone, Siege Tank x4  
  192  14:00  Command Center  
  192  14:06  Starport Tech Lab, Starport Reactor  
  192  14:11  Starport x2, Liberator  
  192  14:18  Terran Vehicle Weapons Level 3  
  192  14:29  Advanced Ballistics  
  191  14:32  Terran Ship Weapons Level 1, Liberator x4  
  181  14:38  SCV  
  181  14:39  SCV x6  
  181  14:40  SCV  
  186  14:50  Missile Turret, Starport Reactor  
  186  14:51  SCV  
  199  15:09  Sensor Tower  
  199  15:18  Missile Turret  
  199  15:25  Starport Reactor  
  199  15:32  Missile Turret  
  199  15:44  Planetary Fortress  
  199  15:45  Liberator x4  
  197  15:57  Refinery  
  191  16:05  Cyclone x3  
  200  16:12  Missile Turret  
  200  16:25  Smart Servos  
  200  16:32  SCV x6  
  194  16:33  SCV x3  
  188  16:54  Thor x2  
  197  17:08  Terran Ship Weapons Level 2  
  187  17:17  Thor x2  
  187  17:18  Thor  
  187  17:19  Hellion  
  187  17:20  Hellion x5  
  187  17:22  Viking x3  
  192  17:23  Viking x3  
  192  17:25  Orbital Command  
  200  17:33  Refinery  
  200  18:04  Thor  
  197  18:06  Thor  
  193  18:28  Thor  
  179  18:36  Thor x2  
  179  18:37  Hellion  
  179  18:38  Hellion x2  
  199  18:41  Hellion x2  
  199  18:43  SCV  
  200  18:56  Hellion  
  200  19:10  Command Center  
  200  19:11  Missile Turret  
  189  20:08  Thor x2  
  189  20:10  Hellion x3  
  189  20:11  Hellion x6  
  179  20:19  Viking x3  
  142  20:23  Viking x2  
  142  20:25  Viking x3  
  140  20:31  Hellion x3  
  140  20:32  Cyclone, Hellion x3  
  140  20:33  Cyclone  
  154  20:36  Refinery  
  154  20:39  Hellion  
  144  20:48  Viking  
  144  20:49  Viking  
  123  20:52  Hellion  
  123  20:53  Hellion x2  
  127  20:58  Hellion x3  
  127  21:01  Hellion  
Show
View Real Time Build Order
Export as new Build Order

Lambo Zerg - Winner!

Build Orders: Hatch First, Brood Lord Corruptor 

Get SALT Encoding   

  12  0:00  Drone  
  13  0:12  Overlord  
  13  0:17  Drone  
  14  0:30  Drone x2  
  16  0:48  Hatchery  
  15  0:52  Drone  
  15  0:56  Drone  
  17  0:59  Drone  
  18  1:09  Extractor  
  17  1:14  Spawning Pool  
  17  1:18  Drone  
  17  1:21  Drone  
  18  1:27  Drone  
  19  1:38  Drone  
  20  1:54  Overlord  
  20  2:01  Queen x2  
  20  2:02  Zergling x4  
  26  2:10  Metabolic Boost  
  26  2:11  Drone  
  27  2:20  Drone  
  27  2:22  Drone  
  29  2:23  Drone  
  30  2:38  Hatchery  
  30  2:43  Drone  
  30  2:48  Queen  
  32  2:55  Drone  
  32  2:56  Overlord  
  34  2:58  Drone  
  34  3:00  Drone  
  35  3:12  Drone  
  36  3:16  Drone  
  36  3:17  Drone x3  
  40  3:20  Drone  
  40  3:23  Overlord  
  40  3:24  Drone  
  42  3:27  Queen  
  44  3:40  Overlord, Queen  
  46  3:43  Drone  
  46  3:45  Overlord  
  46  3:47  Zergling x4  
  46  3:48  Zergling x2  
  50  3:52  Zergling x4  
  50  3:55  Drone x2  
  54  3:59  Drone x2  
  54  4:01  Drone x2  
  58  4:06  Drone  
  58  4:09  Queen  
  59  4:15  Drone x2, Baneling Nest  
  62  4:20  Lair  
  62  4:21  Drone  
  63  4:24  Drone  
  63  4:27  Drone x2  
  63  4:30  Drone  
  63  4:31  Drone  
  67  4:33  Overlord  
  67  4:34  Drone  
  67  4:37  Extractor x2, Drone x2  
  68  4:39  Drone  
  68  4:40  Drone  
  68  4:42  Drone  
  68  4:43  Drone  
  72  4:46  Overlord  
  72  4:48  Drone  
  72  4:52  Drone x3  
  76  4:54  Drone x2  
  76  4:59  Drone x3  
  81  5:04  Spore Crawler  
  81  5:06  Spore Crawler  
  79  5:09  Drone x3  
  79  5:10  Spore Crawler  
  79  5:12  Drone x2  
  83  5:14  Extractor x2  
  83  5:16  Extractor, Zergling x2  
  83  5:17  Overlord  
  83  5:20  Drone x3  
  83  5:21  Overseer  
  83  5:22  Drone  
  83  5:24  Overlord  
  83  5:25  Zergling x2  
  84  5:30  Zergling x6  
  84  5:33  Zergling x2  
  83  5:37  Zergling x2  
  73  5:50  Drone x3  
  73  5:53  Drone x3  
  77  6:00  Hydralisk Den  
  77  6:03  Drone x4  
  77  6:05  Drone  
  77  6:09  Drone  
  77  6:10  Overseer  
  79  6:13  Drone  
  79  6:17  Infestation Pit, Centrifical Hooks  
  79  6:20  Overlord  
  79  6:21  Drone  
  79  6:22  Hatchery  
  79  6:23  Drone x2  
  79  6:24  Drone  
  82  6:26  Drone  
  82  6:28  Drone x2  
  85  6:33  Grooved Spines  
  85  6:35  Drone x2  
  85  6:38  Drone x3  
  90  6:43  Drone x3  
  90  6:46  Overlord, Zergling x2  
  94  6:47  Baneling x7  
  94  6:53  Zergling x10  
  99  6:54  Overseer  
  99  6:59  Hive  
  99  7:00  Drone  
  100  7:05  Hydralisk x2  
  104  7:09  Overlord  
  104  7:10  Drone  
  104  7:11  Overlord  
  104  7:12  Overlord  
  105  7:19  Overlord  
  105  7:24  Drone, Overlord  
  105  7:26  Baneling  
  105  7:29  Overlord  
  106  7:30  Hydralisk x5  
  106  7:35  Drone  
  106  7:36  Evolution Chamber x2  
  115  7:37  Drone  
  115  7:38  Drone  
  115  7:39  Queen  
  115  7:41  Hydralisk  
  121  7:44  Baneling x4  
  121  7:45  Hydralisk  
  121  7:47  Zergling x2  
  121  7:49  Overlord  
  121  7:50  Zergling x2  
  121  7:51  Zergling x2  
  126  7:56  Overlord  
  126  7:57  Zergling x10  
  131  8:00  Zergling x6  
  131  8:03  Zerg Melee Weapons Level 1  
  131  8:04  Zerg Missile Weapons Level 1  
  131  8:06  Zergling x2  
  131  8:07  Zergling x6  
  131  8:10  Baneling x6  
  133  8:17  Drone x3  
  133  8:18  Drone x2  
  138  8:21  Zergling x8  
  138  8:25  Baneling x7  
  138  8:26  Zergling x2  
  138  8:27  Zergling x2  
  144  8:34  Zergling x22  
  144  8:36  Overlord  
  144  8:37  Overlord  
  144  8:39  Overlord  
  155  8:44  Hatchery  
  155  8:45  Hydralisk  
  156  8:52  Overlord  
  156  8:54  Overlord  
  156  8:57  Overlord  
  156  9:00  Overlord  
  156  9:01  Overlord  
  156  9:03  Extractor  
  156  9:08  Extractor  
  146  9:12  Drone  
  146  9:13  Drone x4  
  146  9:14  Drone x2  
  146  9:16  Muscular Augments  
  153  9:17  Viper x5  
  153  9:18  Spire  
  167  9:26  Pneumatized Carapace  
  167  9:27  Baneling x2  
  167  9:28  Baneling x8  
  167  9:32  Zergling x16  
  167  9:33  Baneling x5  
  175  9:39  Zergling x12  
  175  9:41  Overlord  
  175  9:43  Overlord  
  175  9:45  Zergling x4  
  183  9:47  Overlord  
  183  9:49  Zergling x6  
  186  9:54  Overlord  
  186  9:56  Overlord  
  186  9:58  Overlord  
  183  10:05  Zerg Melee Weapons Level 2, Zerg Missile Weapons Level 2  
  181  10:08  Baneling x10  
  181  10:12  Overseer, Zergling x16  
  189  10:14  Overlord  
  189  10:31  Greater Spire  
  189  10:32  Pathogen Glands  
  189  10:33  Drone x4  
  189  10:34  Spire  
  189  10:35  Spine Crawler  
  191  10:37  Spine Crawler  
  191  10:40  Overlord  
  190  10:43  Overlord  
  190  10:47  Viper x2, Unknown  
  190  10:49  Nydus Network, Zergling x18  
  187  10:51  Nydus Network  
  187  10:55  Zergling x12  
  190  10:57  Overlord  
  190  11:00  Zergling x8  
  190  11:02  Hydralisk  
  182  11:04  Hydralisk  
  182  11:08  Hydralisk x2  
  182  11:09  Zergling x2  
  182  11:10  Zergling x2  
  182  11:11  Zergling x2  
  154  11:14  Zergling x8  
  154  11:16  Viper  
  150  11:18  Zergling x4  
  150  11:23  Queen  
  152  11:27  Hydralisk x4  
  154  11:32  Zergling x2  
  154  11:33  Zergling x8  
  154  11:38  Zergling x14  
  149  11:41  Hydralisk  
  147  11:48  Burrow  
  147  11:49  Nydus Canal  
  147  11:54  Baneling x9, Hydralisk x4  
  147  11:57  Overlord  
  147  12:00  Hydralisk x2  
  155  12:04  Zergling x8  
  155  12:07  Zergling x6  
  150  12:14  Zergling x14  
  153  12:26  Baneling x7  
  153  12:29  Nydus Canal  
  151  12:31  Overlord  
  151  12:34  Zergling x18  
  151  12:36  Zerg Flyer Weapons Level 1  
  151  12:37  Zerg Flyer Armor Level 1  
  159  12:47  Zergling x16  
  161  12:55  Nydus Canal  
  161  12:58  Nydus Canal  
  161  13:00  Infestor x2, Hatchery  
  161  13:27  Extractor  
  160  13:28  Neural Parasite  
  160  13:30  Corruptor x7  
  160  13:31  Extractor  
  173  13:36  Corruptor x3  
  173  13:39  Drone x2  
  173  13:40  Drone  
  182  13:49  Spine Crawler  
  182  13:50  Extractor  
  182  13:51  Spine Crawler, Extractor  
  178  13:59  Zerg Ground Armor Level 1, Zerg Melee Weapons Level 3  
  178  14:02  Drone  
  179  14:04  Drone x3  
  179  14:06  Overseer  
  182  14:13  Brood Lord x6  
  194  14:20  Nydus Canal  
  194  14:22  Nydus Canal  
  191  14:27  Brood Lord x2  
  192  14:31  Spine Crawler  
  192  14:32  Spine Crawler  
  192  14:34  Spine Crawler  
  187  14:44  Brood Lord x2  
  187  14:45  Drone x4  
  193  15:05  Zerg Flyer Weapons Level 2  
  193  15:06  Zerg Flyer Armor Level 2  
  193  15:09  Hatchery  
  191  15:16  Baneling x8  
  191  15:22  Overlord  
  191  15:24  Corruptor x4  
  191  15:26  Overseer x2  
  191  15:27  Overseer  
  199  15:30  Baneling x15  
  199  15:31  Baneling  
  199  15:43  Nydus Canal  
  195  16:04  Zergling x8  
  195  16:09  Nydus Canal  
  199  16:12  Nydus Canal  
  192  16:34  Baneling x9  
  192  16:36  Brood Lord x2, Zerg Missile Weapons Level 3  
  192  16:37  Infestor x2  
  199  16:41  Extractor  
  198  17:12  Unknown x2  
  198  17:13  Unknown x2  
  196  17:39  Nydus Canal  
  196  17:59  Corruptor  
  196  18:02  Nydus Canal  
  198  18:09  Nydus Canal  
  198  18:14  Hydralisk x7  
  179  18:42  Corruptor x10  
  187  19:05  Zerg Ground Armor Level 2  
  187  19:11  Hatchery  
  187  19:16  Brood Lord x2  
  190  19:18  Infestor x5  
  199  19:34  Spore Crawler  
  199  19:36  Spore Crawler  
  197  19:39  Spine Crawler  
  196  19:48  Corruptor x2  
  196  19:51  Spine Crawler  
  196  19:52  Spine Crawler  
  191  19:56  Corruptor x8  
  190  20:10  Unknown  
  154  20:25  Brood Lord x2  
  150  20:43  Zergling x2  
  150  20:44  Zergling x96  
  150  20:46  Zergling x6  
  200  20:56  Nydus Canal  
  200  21:01  Nydus Canal  
Tags
 
Add a new tag
Caveats
  • Supply blocks, unpowered buildings, or Contaminate may cause inaccurate times.
  • Supply counts are checked every 10 seconds.